 Dungeon Crawl Stone Soup version 0.22-a0-469-gf26638a (webtiles) character file.

644 Amnesiac the Prestidigitator (level 7, -6/32 HPs)
             Began as a Spriggan Artificer on June 13, 2018.
             Killed from afar by an orc (29 damage)
             ... with an exploding inner flame
             ... hexed by the player character
             ... on level 5 of the Dungeon.
             The game lasted 00:06:38 (1910 turns).

Amnesiac the Prestidigitator (Spriggan Artificer)   Turns: 1910, Time: 00:06:39

Health: -6/32      AC:  3    Str: 10    XL:     7   Next: 26%
Magic:  16/16      EV: 18    Int: 13    God:
Gold:   128        SH:  0    Dex: 16    Spells: 6/6 levels left

rFire    . . .     SeeInvis +   l - +2 quarterstaff (chaos)
rCold    . . .     Gourm    .   (shield currently unavailable)
rNeg     . . .     Faith    .   b - +0 robe
rPois    .         Spirit   .   (helmet restricted)
rElec    .         Reflect  .   k - +0 cloak
rCorr    .         Harm     .   (gloves unavailable)
MR       +....                  (boots unavailable)
Stlth    ++........             (no amulet)
HPRegen  0.10/turn              (no ring)
MPRegen  0.15/turn              (no ring)

@: very quick
A: very small, unfitting armour, see invisible, herbivore, speed 3, slow
metabolism 2
a: no special abilities


You were on level 5 of the Dungeon.
You were not hungry.

You visited 1 branch of the dungeon, and saw 5 of its levels.

You collected 128 gold pieces.

Inventory:

Hand Weapons
 a - a +0 short sword
 l - a +2 quarterstaff of chaos (weapon)
Armour
 b - a +0 robe (worn)
 k - a +0 cloak (worn)
Wands
 c - a wand of flame (9)
 d - a wand of enslavement (15)
 e - a wand of random effects (10)
Scrolls
 g - 2 scrolls of remove curse {!r}
 m - a scroll of magic mapping {!r}
Potions
 i - a potion of degeneration {!q, unknown}
 j - a potion of brilliance {!q}
 o - a potion of flight {!q, unknown}
Comestibles
 f - 11 rations


   Skills:
 - Level 0.7 Fighting
 - Level 1.1 Short Blades
 - Level 3.0 Dodging
 - Level 1.5 Stealth
 + Level 11.0 Evocations


You had 6 spell levels left.
You didn't know any spells.
Your spell library contained the following spells:

 Spells                   Type           Power        Failure   Level  Hunger
 Lightning Bolt           Conj/Air       #.........   100%        5    ######.
 Shock                    Conj/Air       #...         30%         1    ##.....
 Swiftness                Chrm/Air       #.......     43%         2    ###....
 Airstrike                Air            #.........   97%         4    #####..
 Static Discharge         Conj/Air       #.......     67%         3    ####...


Dungeon Overview and Level Annotations

Branches:
Dungeon (5/15)
 Temple: D:4-7

Altars:
Hepliaklqana
Zin


Innate Abilities, Weirdness & Mutations

You are very small and have problems with some larger weapons.
You are too small for most types of armour.
You have supernaturally acute eyesight. (SInv)
You are a herbivore.
You cover ground extremely quickly.
You need to consume almost no food.


Message History

You start resting.
The adder is too close now for your liking.
You close the door.
You start resting.
HP restored.
You start resting.
HP restored.
You open the door.
There is an open door here.
An orc comes into view. It is wielding a club.
An orc is nearby!
An orc and an orc wizard come into view.
An orc priest comes into view. It is wielding a flail.
An orc comes into view. It is wielding a dagger.
The orc wizard shouts!
The orc shouts!
The orc picks up some gold.
Found a lumpy puce potion.
The orc shouts!
Found a dagger.
The orc priest shouts!
Evoke which item? (* to show all) (? for menu, Esc to quit)
Okay, then.
You barely miss the hound skeleton.
The hound skeleton closely misses you. x2
You hit the hound skeleton.
Space warps horribly around the hound skeleton!
The hound skeleton is heavily damaged.
The hound skeleton barely misses you. The hound skeleton closely misses you.
You hit the hound skeleton.
The hound skeleton is heavily damaged.
The hound skeleton closely misses you. The orc misses you.
You hit the hound skeleton. You burn the hound skeleton.
The hound skeleton is severely damaged.
The hound skeleton barely misses you. The orc hits you with a club.
The hound skeleton misses you.
You sock the hound skeleton! You burn the hound skeleton.
You destroy the hound skeleton!
Your Evocations skill increases to level 11!
The orc hits you but does no damage. The orc barely misses you.
Really read
g - 3 scrolls labeled WAOTHE EDIFY {!r}?
As you read the scroll labeled WAOTHE EDIFY {!r}, it crumbles to dust.
You feel blessed for a moment.
It was a scroll of remove curse {!r}.
Really read
m - 2 scrolls labeled XUCUON RELEECROOL {!r}?
As you read the scroll labeled XUCUON RELEECROOL {!r}, it crumbles to dust.
You feel aware of your surroundings.
It was a scroll of magic mapping {!r}.
The orc hits you with a hand axe. The orc barely misses you.
Really read
n - a scroll labeled FAUMEYWOAH {!r}?
As you read the scroll labeled FAUMEYWOAH {!r}, it crumbles to dust.
The creatures around you are filled with an inner flame!
It was a scroll of immolation {!r}.
The orc misses you. The orc hits you with a club.
Really read
p - a scroll labeled ROTUPT HETSI {!r}?
As you read the scroll labeled ROTUPT HETSI {!r}, it crumbles to dust.
You assume a fearsome visage.
The orc looks frightened!
The orc priest looks frightened!
The orc wizard looks frightened!
The orc looks frightened! x2; It was a scroll of fear {!r}.
The orc wizard gestures wildly while chanting.
The orc wizard flickers and vanishes for a moment.
Cornered, the orc turns to fight!
You sock the orc!
The orc explodes!
The fiery explosion engulfs you!
Ouch! That really hurt!
You die...

#######
#.....#
#.§§@.#
#.§§§.#
#)§§§o#
#...o##
#.o..##
#.....#
#.....#
#...o.#
#....#######


You could see an orc priest (fleeing), an orc wizard (inner flame) and 2 orcs.

Vanquished Creatures
  Sigmund (D:4)
  Eustachio (D:4)
  An ice beast (D:5)
  2 scorpions (D:5)
  A crimson imp (D:5)
  An orc wizard (D:4)
  Crazy Yiuf (D:4)
  Ijyb (D:3)
  A hound skeleton (D:5)
  2 adders
  4 leopard geckos
  2 orcs (D:4)
  A bat (D:3)
  A giant cockroach (D:5)
  A frilled lizard (D:4)
21 creatures vanquished.

Notes
Turn   | Place    | Note
-------+----------+-------------------------------------------
     0 | D:1      | Amnesiac the Spriggan Artificer began the quest for the Orb.
     0 | D:1      | Reached XP level 1. HP: 9/9 MP: 4/4
    88 | D:3      | Noticed Ijyb
    91 | D:3      | Killed Ijyb
    91 | D:3      | Reached skill level 5 in Evocations
    91 | D:3      | Reached XP level 2. HP: 13/14 MP: 4/6
   358 | D:4      | Reached XP level 3. HP: 17/17 MP: 8/8
   449 | D:4      | Noticed Sigmund
   451 | D:4      | Killed Sigmund
   451 | D:4      | Reached skill level 8 in Evocations
   451 | D:4      | Reached XP level 4. HP: 21/21 MP: 9/11
   451 | D:4      | Reached XP level 5. HP: 25/25 MP: 9/12
   478 | D:4      | Found a runed door.
   482 | D:4      | Noticed Crazy Yiuf
   484 | D:4      | Killed Crazy Yiuf
   562 | D:4      | Found a glowing silver altar of Zin.
   565 | D:4      | Found a hazy altar of Hepliaklqana.
   599 | D:4      | Noticed Eustachio
   623 | D:4      | Killed Eustachio
   623 | D:4      | Reached skill level 9 in Evocations
   623 | D:4      | Reached XP level 6. HP: 3/29 MP: 12/14
  1159 | D:5      | Entered Level 5 of the Dungeon
  1159 | D:5      | Noticed an ice beast
  1175 | D:5      | Killed an ice beast
  1175 | D:5      | Reached skill level 10 in Evocations
  1315 | D:5      | Reached XP level 7. HP: 30/32 MP: 15/15
  1558 | D:5      | HP: 1/32 [poisoned by a scorpion]
  1903 | D:5      | Reached skill level 11 in Evocations
  1910 | D:5      | Killed from afar by an orc

Vault maps used:
D:1:      mrwooster_arrival_statue_2, moated_statue, serial_bayou_lake_a
D:2:      lemuel_coloured_pillars_altar, minmay_misc_feat_secret_circle,
          minmay_heptomino_o4, uniq_robin
D:3:      marbit_many_paths, uniq_ijyb, uniq_terence
D:4:      minitemple, first_ration, minmay_statues_item,
          uniq_crazy_yiuf_cottage, uniq_sigmund, uniq_eustachio
D:5:      corexii_hall_statues_x

Skill      XL: |  1  2  3  4  5  6  7 |
---------------+----------------------+-----
Evocations     | 5 8 9 10 11 | 11.0
Fighting       | |  0.7
Short Blades   | |  1.1
Dodging        | |  3.0
Stealth        | |  1.5

Action                   |  1- 3 |  4- 6 |  7- 9 || total
-------------------------+-------+-------+-------++-------
Melee: Short sword       |     5 |       |       ||     5
       Quarterstaff      |       |    30 |     7 ||    37
Evoke: Wand              |     5 |     8 |     2 ||    15
  Use: Scroll            |       |       |     4 ||     4
       Potion            |       |       |     1 ||     1
 Stab: Sleeping          |     1 |       |     1 ||     2
Armor: Robe              |     1 |     5 |     2 ||     8
Dodge: Dodged            |    18 |    38 |    16 ||    72

Table legend:
 A = Spawn XP
 B = Non-spawn XP
 C = Spawn XP percentage of total XP
 D = Spawn monster count
 E = Non-spawn monster count
 F = Spawn count percentage of total count
 G = Total turns spent on level
                    A         B        C        D         E        F      G
               +---------+---------+-------+---------+---------+-------+---------
         Total |       0 |     920 |   0.0 |       0 |      21 |   0.0 |  1910
               +---------+---------+-------+---------+---------+-------+---------
           D:3 |       0 |      38 |   0.0 |       0 |       2 |   0.0 |    58
           D:4 |       0 |     523 |   0.0 |       0 |      10 |   0.0 |  1013
           D:5 |       0 |     359 |   0.0 |       0 |       9 |   0.0 |   751
               +---------+---------+-------+---------+---------+-------+---------
